 Dungeon Crawl Stone Soup version 0.30-a0-760-g5a9884bb7c (webtiles) character file.

Game seed: 8884059045811031630

37 xian the Firebug (level 3, -1/24 HPs)
             Began as a Demonspawn Fire Elementalist on Feb 11, 2023.
             Slain by a gnoll
             ... wielding a +0 spear
              (6 damage)
             ... on level 2 of the Dungeon.
             The game lasted 00:02:37 (1509 turns).

xian the Firebug (Demonspawn Fire Elementalist)     Turns: 1509, Time: 00:02:37

Health: -1/24      AC:  2    Str:  8    XL:     3   Next: 23%
Magic:  1/6        EV: 12    Int: 18    God:
Gold:   60         SH:  0    Dex: 13    Spells: 5/6 levels left

rFire   + . .      SeeInvis .    k - +0 dagger (venom)
rCold   . . .      Faith    .    (no shield)
rNeg    . . .      Spirit   .    a - +0 robe
rPois   .          Reflect  .    (no helmet)
rElec   .          Harm     .    (no cloak)
rCorr   .          Rampage  .    (no gloves)
Will    .....                    (no boots)
Stlth   ++                       (no amulet)
HPRegen 0.24/turn                g - ring of protection from fire
MPRegen 0.10/turn                (no ring)

@: no status effects
A: weakness stinger 1, demonic touch 1
a: no special abilities


You were on level 2 of the Dungeon.
You visited 1 branch of the dungeon, and saw 2 of its levels.

You collected 60 gold pieces.

Inventory:

Hand Weapons
 k - a +0 dagger of venom (weapon)
Armour
 a - a +0 robe (worn)
Jewellery
 g - a ring of protection from fire (left hand)
Scrolls
 c - 3 scrolls of identify
 h - a scroll of enchant weapon
 i - a scroll of magic mapping
Potions
 b - a potion of magic
 d - a potion of curing {unknown}
 f - 3 potions of mutation {unknown}
 j - a potion of heal wounds {unknown}


   Skills:
 + Level 0.5 Short Blades
 + Level 1.8 Dodging
 + Level 2.0 Stealth
 + Level 2.4 Spellcasting
 + Level 1.7 Conjurations
 + Level 3.1 Fire Magic


You had 5 spell levels left.
You knew the following spells:

 Your Spells              Type           Power      Damage    Failure   Level
a - Foxfire               Conj/Fire      40%        2x1d6     6%          1

Your spell library contained the following spells:

 Spells                   Type           Power      Damage    Failure   Level
 Scorch                   Fire           26%        2d6       8%          2
 Necrotise                Necr           8%         1d4       17%         1
 Inner Flame              Hex/Fire       7%         N/A       26%         3
 Kindle Blastsparks       Fire/Tloc/Air  10%        2d10      34%         3
 Flame Wave               Conj/Fire      10%        2d6       54%         4
 Anguish                  Hex/Necr       1%         N/A       86%         4
 Borgnjor's Revivificati  Necr           1%         N/A       100%        8


Dungeon Overview and Level Annotations

Branches:
Dungeon (2/15)

Altars:


Innate Abilities, Weirdness & Mutations

You have a small tail.
Your touch may inflict minor irresistible damage on your foes.


Message History

There is not enough space to conjure foxfire!
There is not enough space to conjure foxfire!
The foxfire hits the gnoll.
The gnoll is moderately wounded.
The foxfire hits the gnoll but does no damage.
The gnoll is moderately wounded.
A gnoll breaks down the door.
The foxfire hits the gnoll.
The gnoll is lightly wounded.
Unknown command.
The foxfire hits the gnoll.
The gnoll is moderately wounded.
You conjure some foxfire!
The gnoll hits you from afar with a +0 spear.
You conjure some foxfire!
The foxfire hits the gnoll.
The gnoll is heavily wounded.
The foxfire hits the gnoll.
The gnoll is severely wounded.
The gnoll hits you from afar with a +0 spear!
The gnoll closely misses you.
You are too injured to fight recklessly!
You are too injured to fight recklessly!
You are too injured to fight recklessly!
Unknown command.
The foxfire hits the gnoll.
You kill the gnoll!
The foxfire hits the gnoll.
The gnoll is moderately wounded.
Your Stealth skill increases to level 2!
You have reached level 3!
Your experience leads to an increase in your attributes!
Increase (S)trength, (I)ntelligence, or (D)exterity?
You feel clever. x2; Your demonic ancestry asserts itself...
You grow a small tail.
Casting: Foxfire (safe; 6% risk of failure)
Confirm with . or Enter, or press ? or * to list all spells.
You conjure some foxfire!
The gnoll hits you from afar with a +0 spear.
* * * LOW HITPOINT WARNING * * *
The gnoll hits you from afar with a +0 spear.
You die...

#........# #.........####..
#........# #.........######
#........# #...............
##........## #....†.....#####
...........#####..........#
#............##..(.......#
######'##.#.###....########.#
.........g.....v§.............
#########.#..)g§@v..####......#
#.....g..#...# ....#
....###....#.#..# .##
.....+......#.##.#
.....###....#.# ..#
............... #.#
.##+####........ .# #....###.


You could see 3 gnolls.

Vanquished Creatures
  A gnoll (D:2)
  A worm (D:2)
  A dart slug (D:1)
  An endoplasm (D:2)
  A giant cockroach (D:1)
  2 goblins (D:1)
  3 hobgoblins
  5 kobolds
  3 ball pythons
  2 bats (D:1)
  2 frilled lizards
  3 rats
25 creatures vanquished.

Vanquished Creatures (others)
  78 foxfires
78 creatures vanquished.

Grand Total: 103 creatures vanquished

Notes
Turn   | Place    | Note
-------+----------+-------------------------------------------
     0 | D:1      | xian the Demonspawn Fire Elementalist began the quest for
                  | the Orb.
     0 | D:1      | Reached XP level 1. HP: 13/13 MP: 3/3
   182 | D:1      | Discovered your monstrous ancestry.
   182 | D:1      | Gained mutation: Your touch may inflict minor irresistible
                  | damage on your foes. [demonic ancestry]
   182 | D:1      | Reached XP level 2. HP: 19/19 MP: 0/5
   284 | D:1      | Reached skill level 3 in Fire Magic
   340 | D:1      | Got the Grimoire of Smouldering Rot
  1046 | D:1      | Found a faded altar of an unknown god.
  1509 | D:2      | Gained mutation: You have a small tail. [demonic ancestry]
  1509 | D:2      | Reached XP level 3. HP: 10/24 MP: 2/6
  1509 | D:2      | Slain by a gnoll

Illustrated notes

Levels and vault maps discovered:
D:1:      moated_graveyard_arrival, layout_loops_corners, serial_glass,
          glass_columns_b, glass_columns_c, glass_columns_a, glass_columns_a,
          glass_columns_c, glass_columns_b,
          hellmonk_ecumenical_altar_heavens_door, chequers_arboretum
D:2:      layout_basic, basic_altar

Skill      XL: |  1  2 |
---------------+-------+-----
Fire Magic     | 3 |  3.1
Stealth        | 2 |  2.0
Short Blades   | |  0.5
Dodging        | |  1.8
Spellcasting   | |  2.4
Conjurations   | |  1.7

Action                     || total
---------------------------++-------
  Melee: Short sword       ||    13
         Dagger            ||     3
         Touch             ||     2
   Cast: Foxfire           ||    57
    Use: Scroll            ||     2
  Dodge: Dodged            ||    23

Table legend: (Time is in decaauts)
 A = Elapsed time spent in this place.
 B = Non-inter-level travel time spent in this place.
 C = Inter-level travel time spent in this place.
 D = Time resting spent in this place.
 E = Time spent auto-exploring this place.
 F = Levels seen in this place.
 G = Mean time per level.
                   A        B        C        D        E       F      G
               +--------+--------+--------+--------+--------+-----+--------+
         Total |   1507 |   1490 |     17 |      0 |   1209 |   2 |  753.5 |
       Dungeon |   1507 |   1490 |     17 |      0 |   1209 |   2 |  753.5 |
               +--------+--------+--------+--------+--------+-----+--------+

Top non-repeatable levels by time:
     D:1: 1195 daAuts
     D:2: 312 daAuts
